 Dungeon Crawl Stone Soup version 0.17.1-2-g5865329 (webtiles) character file.

156 hexophile the Ruffian (level 5, 0/78 HPs)
             Began as a Troll Monk on Jan 30, 2016.
             Slain by an orc (1 damage)
             ... on level 4 of the Dungeon.
             The game lasted 00:01:54 (1324 turns).

hexophile the Ruffian (Troll Monk)                  Turns: 1324, Time: 00:01:55

Health: 0/78       AC: 22    Str: 22 (24) XL:     5   Next: 14%
Magic:  4/4        EV:  1    Int:  7      God:
Gold:   130        SH:  0    Dex: 12      Spells: 0 memorised, 4 levels left

rFire  . . .     SeeInvis .       - Unarmed
rCold  . . .     Clarity  +     (armour currently unavailable)
rNeg   + + +     SustAt   .     (no shield)
rPois  +         Gourm    +     (helmet currently unavailable)
rElec  .         Spirit   .     (cloak currently unavailable)
rCorr  .         Warding  .     (gloves unavailable)
rMut   .         NoTele   +     (boots unavailable)
MR     .....                    m - amulet of clarity {Clar}
Stlth  ++........               (no ring)
                                (no ring)

@: mighty, lethally poisoned (0 -> -1), tree-form, not resistant to hostile
enchantments, unstealthy
A: unfitting armour, (claws 0), fast metabolism 3, gourmand, regeneration 2,
(shaggy fur 0), (tough skin 0)
a: no special abilities


You were on level 4 of the Dungeon.
You were completely stuffed.
You were a tree.
You visited 1 branch of the dungeon, and saw 4 of its levels.

You collected 130 gold pieces.


Innate Abilities, Weirdness & Mutations

You are too large for most types of armour.
((You have claws for hands.))
Your metabolism is lightning-fast.
You like to eat raw meat.
You heal very quickly.
((You are covered in fur (AC +1).))
((You have very tough skin (AC +2).))

Inventory:

Missiles
 n - 9 poisoned needles
Armour
 a - a +0 robe (melded)
 f - a +0 cloak
Jewellery
 m - an amulet of clarity (around neck) {Clar}
Scrolls
 d - a scroll of identify {unknown}
 g - a scroll of random uselessness {unknown}
 h - a scroll of amnesia {unknown}
 i - a scroll of remove curse {unknown}
 k - a scroll of enchant armour {unknown}
 l - 2 scrolls of recharging {unknown}
Potions
 c - a potion of degeneration {!q}
 e - a potion of might {Str+5 DMG+1d10}
Comestibles
 b - 3 bread rations
 j - 5 chunks of flesh
 o - a beef jerky
 q - a slice of pizza


You had 4 spell levels left.
You didn't know any spells.


   Skills:
 - Level 2.8 Fighting
 - Level 2.7 Dodging
 - Level 1.4 Stealth
 * Level 5.8 Unarmed Combat

Dungeon Overview and Level Annotations

Branches:
Dungeon (4/15)
 Temple: D:4-7

Altars:
Okawaru

Vault maps used:
D:1:      dpeg_arrival_triangle_fractal, minmay_misc_feat_x, minmay_fountain_box
D:2:      lemuel_coloured_pillars_altar, minmay_misc_feat_roman
D:3:      lemuel_upstairs_altar, tgw_xom, uniq_iyjb, uniq_robin
D:4:      marbit_many_paths, lemuel_crystal_altar, hangedman_decor_peaks_small,
          okawaru_trees_2, uniq_sigmund
You       could see an orc and 4 jackals.


Message History

The worker ant bites you!
* * * LOW HITPOINT WARNING * * *
You are poisoned.
The worker ant poisons you!
You lost 10 HP.
You have now: 10/44 HP.
You closely miss the jackal.
You feel sick. The jackal barely misses you. The jackal barely misses you. x2
The jackal bites you.
* * * LOW HITPOINT WARNING * * *
The worker ant bites you.
* * * LOW HITPOINT WARNING * * *
You are more poisoned.
The worker ant poisons you! The orc misses you.
You lost 3 HP.
You have now: 7/44 HP.
Drink which item? (? for menu, Esc to quit)
It was a potion of might.
You feel very mighty all of a sudden.
You feel sick. The jackal bites you.
* * * LOW HITPOINT WARNING * * *
The jackal barely misses you.
The jackal bites you but does no damage.
The jackal barely misses you. The worker ant closely misses you.
The jackal bites you.
* * * LOW HITPOINT WARNING * * *
The jackal bites you.
* * * LOW HITPOINT WARNING * * *
The orc completely misses you.
You lost 5 HP.
You have now: 2/44 HP.
Unknown command.
Unknown command.
Drink which item? (? for menu, Esc to quit)
It was a potion of lignification.
You turn into a tree.
Your +0 robe melds into your body.
Your roots penetrate the ground.
You feel sick.
The jackal bites you but does no damage.
The jackal barely misses you.
The jackal bites you but does no damage. x2
The worker ant bites you but does no damage.
The jackal bites you but does no damage.
The orc barely misses you.
The jackal bites you but does no damage.
You got additional 22 HP.
You smack the worker ant!
You kill the worker ant!
You have reached level 5!
You feel sick. The jackal bites you.
* * * LOW HITPOINT WARNING * * *
The jackal bites you but does no damage. x4
The orc hits you.
You die...

Action                   |  1- 3 |  4- 6 || total
-------------------------+-------+-------++-------
Melee: Unarmed           |   123 |    33 ||   156
  Use: Potion            |     3 |     2 ||     5
 Stab: Sleeping          |     2 |     1 ||     3
       Invisible         |     3 |       ||     3
  Eat: Chunk             |    15 |     3 ||    18

Notes
Turn   | Place    | Note
--------------------------------------------------------------
     0 | D:1      | hexophile the Troll Monk began the quest for the Orb.
     0 | D:1      | Reached XP level 1. HP: 22/22 MP: 0/0
   196 | D:1      | Reached XP level 2. HP: 26/29 MP: 1/1
   579 | D:2      | Reached XP level 3. HP: 32/36 MP: 2/2
   830 | D:3      | Noticed Robin
   859 | D:3      | Killed Robin
  1048 | D:3      | Reached XP level 4. HP: 35/44 MP: 3/3
  1096 | D:3      | Noticed Ijyb
  1107 | D:3      | Killed Ijyb
  1107 | D:3      | Reached skill level 5 in Unarmed Combat
  1314 | D:4      | Found an iron altar of Okawaru.
  1322 | D:4      | HP: 2/44 [jackal (2)]
  1324 | D:4      | Reached XP level 5. HP: 3/52 MP: 4/4
  1324 | D:4      | Slain by an orc

Table legend:
 A = Turns spent in this place as a percentage of turns spent in the entire game.
 B = Non-inter-level travel turns spent in this place as a percentage of non-inter-level travel turns spent in the entire game.
 C = Inter-level travel turns spent in this place as a percentage of turns spent in this place.
 D = Turns resting spent in this place as a percentage of non-inter-level travel turns spent in this place.
 E = Turns spent auto-exploring this place as a percentage of non-inter-level travel turns spent in this place.
 F = Non-inter-level travel turns spent in this place divided by the number of levels of this place that you've seen.
                   A       B       C       D       E      F
               +-------+-------+-------+-------+-------+----------------------
         Total | 100.0 | 100.0 |   0.4 |   0.0 |   9.6 | 169.2
       Dungeon | 100.0 | 100.0 |   0.4 |   0.0 |   9.6 | 169.2
               +-------+-------+-------+-------+-------+----------------------

Table legend:
 A = Kills in this place as a percentage of kills in entire the game.
 B = Kills by you in this place as a percentage of kills by you in the entire game.
 C = Kills by friends in this place as a percentage of kills by friends in the entire game.
 D = Other kills in this place as a percentage of other kills in the entire game.
 E = Experience gained in this place as a percentage of experience gained in the entire game.
 F = Experience gained in this place divided by the number of levels of this place that you have seen.
                   A       B       C       D       E      F
               +-------+-------+-------+-------+-------+----------------------
         Total | 100.0 | 100.0 |  -nan |  -nan | 100.0 |  55.8
       Dungeon | 100.0 | 100.0 |  -nan |  -nan | 100.0 |  55.8
               +-------+-------+-------+-------+-------+----------------------

Vanquished Creatures
  Ijyb (D:3)
  An orc wizard (D:4)
  A worker ant (D:4)
  Robin (D:3)
  A gnoll (D:1)
  An adder (D:3)
  An orc (D:4)
  2 giant cockroaches (D:3)
  12 goblins
  6 hobgoblins
  7 jackals
  2 quokkas (D:3)
  8 bats
  2 giant newts
  3 kobolds
  4 rats
53 creatures vanquished.
